[Event "*** MasterClass Titled Tuesday Blitz"]
[Site "Chess.com"]
[Date "2017.10.03"]
[Round "2"]
[White "chessdude"]
[Black "MisaPap"]
[Result "1/2-1/2"]
[WhiteElo "2453"]
[BlackElo "2441"]
[TimeControl "180+2"]
[EndTime "13:27:32 PDT"]
[Termination "Game drawn by stalemate"]

1. e4 c5 2. Nf3 Nc6 3. Bb5 g6 4. Bxc6 dxc6 5. d3 Bg7 6. h3 e5 7. a4 Qe7 8. a5 Nf6 9. Be3 O-O 10. Nbd2 Rd8 11. O-O Ne8 12. Qb1 Nc7 13. Qa2 Nb5 14. Bg5 Bf6 15. Bxf6 Qxf6 16. Qc4 Qe7 17. Nb3 Nd4 18.
Nfxd4 cxd4 19. f4 Be6 20. Qc5 Qc7 21. fxe5 b6 22. axb6 axb6 23. Qb4 c5 24. Qb5 Bd7 25. Qc4 Be6 26. Qb5 Rxa1 27. Rxa1 c4 28. Nd2 c3 29. bxc3 Qxc3 30. Rd1 Qxc2 31. Qb1 Qc3 32. Nf3 Qa5 33. Qb2 b5 34. Rb1 Rb8 35. Qb4 Qa2 36.
Nxd4 Rd8 37. Nxe6 Qxe6 38. Qxb5 Kg7 39. Rd1 Rd4 40. Qc5 Qd7 41. Qc3 Kh6 42. Qd2+ Kg7 43. Qe3 h5 44. Kh1 h4 45. Qf3 Kg8 46. Qe3 Qd8 47. e6 fxe6 48. Qf3 e5 49. Qg4 Kg7 50.
Qe6 Qd6 51. Qxd6 Rxd6 52. Kg1 Kf6 53. Kf2 Kg5 54. Ke3 Ra6 55. Rc1 Ra2 56. Rc5 Kf6 57.
Rc6+ Kf7 58. Rc7+ Kf6 59. Rh7 Rxg2 60. Rxh4 Rg3+ 61. Kd2 Rg1 62. Rh8 Rg2+ 63. Kc3 Rg3 64. Kc4 Re3 65. h4 Rh3 66. Rh7 Ke6 67. d4 exd4 68.
Kxd4 Ra3 69. Rh6 Kf7 70. Rh7+ Ke6 71. Rb7 Rh3 72. Rb6+ Kf7 73. Kd5 Rxh4 74. Rb7+ Ke8 75. e5 g5 76. Kd6 Rd4+ 77. Ke6 Kf8 78. Rf7+ Ke8 79. Rg7 Kf8 80. Rxg5 Ra4 81. Kf6 Rf4+ 82. Ke6 Ra4 83. Rf5+ Ke8 84. Kf6 Ra6+ 85. e6 Ra1 86. Rf2 Rg1 87. Rf5 Re1 88. Rb5 Rf1+ 89. Ke5 Re1+ 90.
Kf6 Rf1+ 91. Rf5 Rxf5+ 92. Kxf5 Ke7 93. Ke5 Ke8 94. Kf6 Kf8 95. e7+ Ke8 96. Ke6 1/2-1/2

[Event "*** MasterClass Titled Tuesday Blitz"]
[Site "Chess.com"]
[Date "2017.10.03"]
[Round "2"]
[White "BillCoe"]
[Black "stregachess"]
[Result "0-1"]
[WhiteElo "1958"]
[BlackElo "2038"]
[TimeControl "180+2"]
[EndTime "13:28:03 PDT"]
[Termination "stregachess won on time"]

1. e4 c5 2. Nf3 g6 3. d4 cxd4 4. Nxd4 Bg7 5. c4 Nc6 6. Be3 Nf6 7. Nc3 Ng4 8. Nxc6 Nxe3 9. Nxd8 Nxd1 10. Rxd1 Bxc3+ 11. bxc3 Kxd8 12. c5 Kc7 13. Bb5 Rd8 14. Rd4 b6 15. cxb6+ axb6 16. a4 d6 17. Ke2 Be6 18.
f3 Rac8 19. Ra1 Kb7 20. c4 Ra8 21. Kd3 f6 22. Kc3 Rdc8 23. Kb4 Rc5 24. g4 h6 25. h4 Rh8 26. a5 bxa5+ 27. Rxa5 Ra8 28. Rxa8 Kxa8 29. Rd1 Kb7 30. Ra1 h5 31. gxh5 Rxh5 32.
Be8 Rxh4 33. Bxg6 Rh2 34. Ra5 Rb2+ 35. Kc3 Rf2 36. Bh5 Rf1 37. Rb5+ Kc7 38. Ra5 Rc1+ 39.
Kd2 Rxc4 40. Ra7+ Kd8 41. Ra8+ Rc8 42. Ra7 Bd7 43. Ke3 Rb8 44. f4 Rb3+ 45. Kd4 Rb4+ 46. Ke3 Bc6 47. Bg6 Bb7 48. Ra1 Rb3+ 49. Kd4 Rf3 50.
f5 Rb3 51. Ra4 Bc6 52. Rc4 Rb6 53. Bf7 Ra6 54. Be6 Ra4 55. Rxa4 Bxa4 56. Kc4 Kc7 57. Kd4 Bd1 58. Bd5 Kb6 59. Be6 Bf3 60. Bd5 Bh5 61. Be6 Be8 62. Kd5 Bc6+ 63. Kd4 Kb5 64. Ba2 Kb4 65. Bf7 Ba4 66. Be6 Bc6 67. Bf7 Ba4 68.
Be6 Be8 69. Bc8 Kb5 70. Be6 Kb6 71. Bb3 Kc7 72. Be6 Bd7 73. Bd5 Kd8 74. Bf7 Bc6 75.
Bg6 Bb7 76. Bf7 Kd7 77. Bg6 e6 78. fxe6+ Kxe6 79. Bf5+ Ke7 80. Bg6 Bc6 81. Bf5 Bd7 82. Bg6 Be6 83. Bh5 Kf8 84. Bd1 Kg7 85.
Bh5 Kh6 86. Be8 Kg5 87. Bc6 Kf4 88. Bb5 Bf7 89. Bd7 Bh5 90. Bc6 Bf3 91. Bd5 Bg2 92. Kd3 Ke5 93. Ke3 Bh1 94. Kd3 f5 95. Ke3 fxe4 96.
Bb7 Bf3 0-1

[Event "*** MasterClass Titled Tuesday Blitz"]
[Site "Chess.com"]
[Date "2017.10.03"]
[Round "3"]
[White "Induwara_IM"]
[Black "DrVelja"]
[Result "0-1"]
[WhiteElo "2480"]
[BlackElo "2511"]
[TimeControl "180+2"]
[EndTime "13:32:27 PDT"]
[Termination "DrVelja won by resignation"]

1. d4 Nf6 2. c4 g6 3. Nc3 Bg7 4.
e4 d6 5. Bd3 O-O 6. Nge2 Nbd7 7.
O-O c5 8. d5 Ne5 9. f4 Nxd3 10.
Qxd3 a6 11. h3 b5 12. e5 Nd7 13. exd6 exd6 14. Bd2 bxc4 15. Qxc4 a5 16. f5 Ne5 17.
Qe4 Bxf5 18. Rxf5 gxf5 19. Qxf5 Qf6 20. Qe4 Qg6 21. Qh4 Nf3+ 0-1

[Event "*** MasterClass Titled Tuesday Blitz"]
[Site "Chess.com"]
[Date "2017.10.03"]
[Round "3"]
[White "pastouche06"]
[Black "TheFlaminGM"]
[Result "0-1"]
[WhiteElo "2289"]
[BlackElo "2579"]
[TimeControl "180+2"]
[EndTime "13:32:43 PDT"]
[Termination "TheFlaminGM won by resignation"]

1. e4 g6 2. d4 Bg7 3. Nc3 a6 4. Be3 b5 5. f3 d6 6. Qd2 Bb7 7.
h4 h5 8. Nh3 Nd7 9. Ng5 Rc8 10.
f4 c5 11. O-O-O Qa5 12. Kb1 b4 13. Nd5 e6 14. dxc5 exd5 15. cxd6 dxe4 16. Bd4 Ngf6 17. a3 O-O 18. axb4 Qf5 19. Be2 Rc6 20.
g4 hxg4 21. h5 gxh5 22. Rdf1 Rfc8 23. b3 Rxd6 24. Bc4 Bd5 25. Bxd5 Rxd5 26. c4 e3+ 0-1

[Event "*** MasterClass Titled Tuesday Blitz"]
[Site "Chess.com"]
[Date "2017.10.03"]
[Round "3"]
[White "fastestmindalive"]
[Black "ruifeng"]
[Result "1-0"]
[WhiteElo "2590"]
[BlackElo "2352"]
[TimeControl "180+2"]
[EndTime "13:32:51 PDT"]
[Termination "fastestmindalive won by resignation"]

1. e4 Nc6 2. Nf3 d6 3. d4 Bg4 4. Be2 Nf6 5. Nc3 g6 6. O-O Bg7 7. d5 Bxf3 8. Bxf3 Ne5 9. Be2 O-O 10. f4 Ned7 11. Bf3 Rc8 12. Be3 c6 13. dxc6 bxc6 14.
Rb1 Qc7 15. b3 Rb8 16. Ne2 e5 17. c4 exf4 18. Bxf4 Ne5 19. Nd4 Rfe8 20. Re1 Nxf3+ 21. Qxf3 Qb6 22. Be3 Qa5 23. Nxc6 Qxa2 24. Nxb8 Rxb8 25. Bd4 Nd7 26. Bxg7 Kxg7 27. Qc3+ Ne5 28. c5 Rc8 29. Ra1 Rxc5 30. Qxe5+ 1-0

[Event "*** MasterClass Titled Tuesday Blitz"]
[Site "Chess.com"]
[Date "2017.10.03"]
[Round "3"]
[White "MITerryble"]
[Black "Diwi89"]
[Result "0-1"]
[WhiteElo "2628"]
[BlackElo "2538"]
[TimeControl "180+2"]
[EndTime "13:33:00 PDT"]
[Termination "Diwi89 won by resignation"]

1. d4 Nf6 2. Nf3 e6 3. c4 b6 4. g3 Ba6 5. Qa4 Bb7 6. Bg2 c5 7. dxc5 Bxc5 8. O-O O-O 9. Nc3 Be7 10. Rd1 Na6 11.
Bf4 Nc5 12. Qc2 Qc8 13. Nb5 Nce4 14. Nc7 Nxf2 15. Kxf2 Ng4+ 16. Ke1 e5 17. Bh3 Qxc7 18.
Bxg4 exf4 19. Rxd7 Bb4+ 20. Kf1 Qb8 21. a3 Bc5 22. Ng5 g6 23. Nxf7 fxg3 24. e4 Qf4+ 25. Ke1 Bf2+ 26. Ke2 Qxg4+ 0-1

[Event "*** MasterClass Titled Tuesday Blitz"]
[Site "Chess.com"]
[Date "2017.10.03"]
[Round "3"]
[White "wonderfultime"]
[Black "Vrolijk"]
[Result "1-0"]
[WhiteElo "2573"]
[BlackElo "2455"]
[TimeControl "180+2"]
[EndTime "13:33:17 PDT"]
[Termination "wonderfultime won by resignation"]

1. d4 Nf6 2. Bf4 d5 3. e3 e6 4.
Nd2 c5 5. c3 Nc6 6. Ngf3 Bd6 7.
Bg3 O-O 8. Bd3 b6 9. O-O Qc7 10. Qe2 Bb7 11. Rfe1 e5 12. dxc5 bxc5 13. e4 d4 14. Nc4 Rfe8 15. Rad1 Rad8 16. Nxd6 Qxd6 17. Nh4 Bc8 18. h3 Be6 19. Qf3 Qd7 20. Bb5 Bxa2 21. Nf5 Qb7 22. Bh4 Re6 23. Bxc6 Qxc6 24.
Qg3 g6 25. Bxf6 Rxf6 26. Ne7+ 1-0

[Event "*** MasterClass Titled Tuesday Blitz"]
[Site "Chess.com"]
[Date "2017.10.03"]
[Round "3"]
[White "Blitzstream"]
[Black "OparinGrigoriy"]
[Result "1/2-1/2"]
[WhiteElo "2500"]
[BlackElo "2654"]
[TimeControl "180+2"]
[EndTime "13:33:25 PDT"]
[Termination "Game drawn by repetition"]

1. g4 c6 2. c4 g6 3. h4 h5 4.
g5 Bg7 5. Nc3 d5 6. cxd5 cxd5 7.
d4 Nc6 8. Bg2 e6 9. Nf3 Nge7 10. Bf4 O-O 11. e3 b6 12. Nb5 a6 13.
Nd6 Bd7 14. Nb7 Qc8 15. Nd6 Qd8 16. Nb7 Qc8 17. Nd6 Qd8 18. Nb7 1/2-1/2

[Event "*** MasterClass Titled Tuesday Blitz"]
[Site "Chess.com"]
[Date "2017.10.03"]
[Round "3"]
[White "SantoBlue"]
[Black "Muracle"]
[Result "1-0"]
[WhiteElo "2556"]
[BlackElo "2472"]
[TimeControl "180+2"]
[EndTime "13:33:34 PDT"]
[Termination "SantoBlue won by resignation"]

1. Nf3 Nf6 2. c4 g6 3. Nc3 d5 4. cxd5 Nxd5 5. e4 Nxc3 6. bxc3 Bg7 7. d4 c5 8. Bb5+ Bd7 9. a4 O-O 10. O-O a6 11. Bxd7 Nxd7 12. a5 cxd4 13. cxd4 Nc5 14.
Re1 Rc8 15. Rb1 Ne6 16. Rxb7 Nxd4 17. Nxd4 Bxd4 18. Bh6 Re8 19. h3 Qxa5 20. Qxd4 Qxe1+ 21. Kh2 e5 22. Qa7 Ra8 23. Qb6 Qxf2 24. Qxf2 1-0

[Event "*** MasterClass Titled Tuesday Blitz"]
[Site "Chess.com"]
[Date "2017.10.03"]
[Round "3"]
[White "DiogenesSinopeus"]
[Black "chess2matters"]
[Result "0-1"]
[WhiteElo "2362"]
[BlackElo "2309"]
[TimeControl "180+2"]
[EndTime "13:33:41 PDT"]
[Termination "chess2matters won by resignation"]

1. d4 Nf6 2. c4 e6 3. Nc3 Bb4 4. e3 O-O 5. Bd3 b6 6. Ne2 Bb7 7. O-O d6 8. a3 Bxc3 9. Nxc3 Nbd7 10. f3 e5 11. d5 a5 12. b3 Nc5 13. Bc2 Re8 14. Bb2 Qe7 15. b4 axb4 16. axb4 Na6 17.
Ba3 Nb8 18. Nb5 Ba6 19. e4 Rf8 20. Bd3 Qd8 21. Nc3 Nbd7 22. Bb2 Bb7 23. Qb3 Qe7 24. Nb5 Rfc8 25. Rxa8 Bxa8 26. Ra1 c6 27. dxc6 Bxc6 28. Na7 Rc7 29. Nxc6 Rxc6 30. Ra8+ Nf8 31. Qa4 Rc7 32. Bc1 h6 33. Be3 Rb7 34. Qa6 Qc7 35. Bf2 Nd7 36. Bh4 g5 37. Bf2 Kg7 38. h4 Ne6 39. hxg5 hxg5 40.
Qa5 bxa5 0-1

[Event "*** MasterClass Titled Tuesday Blitz"]
[Site "Chess.com"]
[Date "2017.10.03"]
[Round "3"]
[White "Konavets"]
[Black "Mbneu"]
[Result "1-0"]
[WhiteElo "2786"]
[BlackElo "2197"]
[TimeControl "180+2"]
[EndTime "13:33:47 PDT"]
[Termination "Konavets won by resignation"]

1. e4 e5 2. Nf3 Nc6 3. Bc4 f5 4. d3 Bc5 5. Bg5 Nf6 6. exf5 d5 7.
Bb5 Qd6 8. O-O O-O 9. Re1 Bxf5 10. Bxc6 bxc6 11. Nxe5 Bxf2+ 12. Kxf2 Ng4+ 13. Kg1 Nxe5 14. Bf4 Rae8 15. Nc3 Qf6 16. Qd2 Ng4 17. h3 Qd4+ 18.
Kh1 Nf2+ 19. Kh2 Rxe1 20. Rxe1 Bxd3 21. Bg3 Qf6 22. cxd3 1-0

[Event "*** MasterClass Titled Tuesday Blitz"]
[Site "Chess.com"]
[Date "2017.10.03"]
[Round "3"]
[White "TregubovP"]
[Black "VladimirBelous"]
[Result "0-1"]
[WhiteElo "2512"]
[BlackElo "2639"]
[TimeControl "180+2"]
[EndTime "13:33:53 PDT"]
[Termination "VladimirBelous won by resignation"]

1. d4 Nf6 2. c4 g6 3. Nc3 Bg7 4. e4 d6 5. Bg5 Nbd7 6. f4 h6 7. Bh4 c5 8. d5 Qa5 9. Bd3 g5 10. fxg5 hxg5 11. Bxg5 Ne5 12. Nf3 Bg4 13. h3 Nfd7 14.
Be2 Bxf3 15. gxf3 Nxc4 16. Qb3 b5 17. Bxc4 bxc4 18. Qxc4 Rb8 19. O-O-O Rb4 20. Qe2 Bxc3 21. bxc3 Qa3+ 22. Kd2 Rb2+ 23. Ke3 Rxe2+ 24. Kxe2 Qxc3 25.
Rd3 Qc4 0-1

[Event "*** MasterClass Titled Tuesday Blitz"]
[Site "Chess.com"]
[Date "2017.10.03"]
[Round "3"]
[White "Grootneus"]
[Black "pawnwonder"]
[Result "1-0"]
[WhiteElo "2126"]
[BlackElo "1960"]
[TimeControl "180+2"]
[EndTime "13:34:01 PDT"]
[Termination "Grootneus won by resignation"]

1. e4 c5 2. c3 Nf6 3. e5 Nd5 4. Nf3 Nc6 5. Bc4 e6 6. d4 cxd4 7. cxd4 d6 8. O-O Be7 9. Qe2 O-O 10. Nc3 Nb6 11. Bd3 d5 12. a3 f6 13. Rd1 fxe5 14.
dxe5 a6 15. Qc2 g6 16. Bxg6 hxg6 17. Qxg6+ Kh8 18. Qh6+ Kg8 19. Qg6+ Kh8 20. Ng5 Bxg5 21. Bxg5 Qe8 22. Bf6+ Rxf6 23. Qxf6+ Kg8 24. Rd3 1-0

[Event "*** MasterClass Titled Tuesday Blitz"]
[Site "Chess.com"]
[Date "2017.10.03"]
[Round "3"]
[White "Keranke"]
[Black "dzhumagaliev"]
[Result "1-0"]
[WhiteElo "2726"]
[BlackElo "2601"]
[TimeControl "180+2"]
[EndTime "13:34:03 PDT"]
[Termination "Keranke won by resignation"]

1. d4 Nf6 2. c4 e6 3. g3 Bb4+ 4. Nd2 c5 5. Nf3 Nc6 6. dxc5 Bxc5 7. Bg2 Bxf2+ 8. Kxf2 Ng4+ 9. Ke1 Ne3 10. Qb3 Nb4 11.
Kf2 Nbc2 12. Rb1 Ng4+ 13. Kg1 Qa5 14. Ne4 Nd4 15. Nxd4 Qe1+ 16. Bf1 f5 17. Qc3 Qd1 18. Nf2 Nxf2 19. Kxf2 f4 20. gxf4 O-O 21. Bg2 Qa4 22. b3 Qxa2 1-0

[Event "*** MasterClass Titled Tuesday Blitz"]
[Site "Chess.com"]
[Date "2017.10.03"]
[Round "3"]
[White "Fandorine"]
[Black "AdrianaNikolova"]
[Result "1-0"]
[WhiteElo "2644"]
[BlackElo "2397"]
[TimeControl "180+2"]
[EndTime "13:34:06 PDT"]
[Termination "Fandorine won by resignation"]

1. e4 c5 2. Nf3 Nc6 3. Bb5 d6 4. O-O Bd7 5. c3 Nf6 6. Re1 a6 7. Bf1 Bg4 8. d4 cxd4 9. cxd4 e6 10. d5 Ne5 11. Nbd2 Be7 12. Qb3 Bxf3 13. Nxf3 Nxf3+ 14. Qxf3 e5 15. Qb3 Qd7 16. f3 O-O 17. Be3 Rac8 18.
Rac1 Nh5 19. g3 g6 20. Rxc8 Rxc8 21. Rc1 Rxc1 22. Bxc1 Bd8 23. Be3 f5 24. Bh3 Qf7 25. Qc2 fxe4 26. Be6 1-0

[Event "*** MasterClass Titled Tuesday Blitz"]
[Site "Chess.com"]
[Date "2017.10.03"]
[Round "3"]
[White "PowerThinking2650"]
[Black "stregachess"]
[Result "0-1"]
[WhiteElo "2132"]
[BlackElo "2048"]
[TimeControl "180+2"]
[EndTime "13:34:12 PDT"]
[Termination "stregachess won by resignation"]

1. e4 c5 2. Nf3 g6 3. d4 cxd4 4. Nxd4 Bg7 5. c4 Nc6 6. Be3 Nf6 7. Nc3 Ng4 8. Qxg4 Nxd4 9. Qd1 e5 10. Bd3 O-O 11.
Qd2 d6 12. h4 h5 13. Bh6 Be6 14. Bxg7 Kxg7 15. O-O-O Rc8 16. b3 b5 17. cxb5 Qa5 18.
Kb2 a6 19. bxa6 Rb8 20. Nd5 Qa4 21. Rc1 Nxb3 22. Qc2 Nd4+ 0-1

[Event "*** MasterClass Titled Tuesday Blitz"]
[Site "Chess.com"]
[Date "2017.10.03"]
[Round "3"]
[White "Batica1984"]
[Black "Tesla37"]
[Result "0-1"]
[WhiteElo "2620"]
[BlackElo "2676"]
[TimeControl "180+2"]
[EndTime "13:34:14 PDT"]
[Termination "Tesla37 won by resignation"]

1. e4 c5 2. Nc3 a6 3. Nge2 e6 4. d4 cxd4 5. Nxd4 Nc6 6. Bf4 d6 7. Nxc6 bxc6 8. Qd2 Nf6 9. O-O-O d5 10. g4 Bb4 11. Qe3 O-O 12. e5 Nd7 13. Bd3 Qa5 14. Qh3 g6 15. Nb1 Qxa2 16. c3 Be7 17. Qh6 Re8 18. Rhe1 Rb8 19. Re2 Qa4 20. Bc2 Qa1 21. Rd3 Qxb2+ 22. Kd2 Bf8 23. Qh4 Bg7 24. Rh3 Nf8 25. Bh6 Bxh6+ 26. Qxh6 Qa2 27. Kc1 Rxb1+ 0-1

[Event "*** MasterClass Titled Tuesday Blitz"]
[Site "Chess.com"]
[Date "2017.10.03"]
[Round "3"]
[White "Noukii"]
[Black "RaphaeI"]
[Result "1-0"]
[WhiteElo "2694"]
[BlackElo "2414"]
[TimeControl "180+2"]
[EndTime "13:34:23 PDT"]
[Termination "Noukii won by resignation"]

1. d4 Nf6 2. Nf3 e6 3. Bg5 h6 4. Bxf6 Qxf6 5. e4 d6 6. c3 g6 7. a4 Bg7 8. Na3 Nc6 9. Nc4 Bd7 10. Be2 O-O 11. O-O g5 12. Ne3 Ne7 13. e5 Qg6 14. Bd3 f5 15. exf6 Qxf6 16. Nd2 Bc6 17. Be4 Bxe4 18. Nxe4 Qg6 19. Ng3 Rab8 20. Qh5 Qxh5 21.
Nxh5 Bh8 22. Rfe1 Nf5 23. Nxf5 exf5 24. Re6 Kh7 25. Rae1 Rf7 26. h3 Rbf8 27. a5 a6 28. g3 Bf6 29. Nxf6+ Rxf6 30. Rxf6 Rxf6 31. Re7+ 1-0

[Event "*** MasterClass Titled Tuesday Blitz"]
[Site "Chess.com"]
[Date "2017.10.03"]
[Round "3"]
[White "Dhaydon19"]
[Black "JSPrepz"]
[Result "0-1"]
[WhiteElo "2476"]
[BlackElo "2538"]
[TimeControl "180+2"]
[EndTime "13:34:23 PDT"]
[Termination "JSPrepz won by checkmate"]

1. d4 Nf6 2. c4 c5 3. d5 b5 4.
cxb5 a6 5. b6 e6 6. Nc3 exd5 7.
Nxd5 Nxd5 8. Qxd5 Nc6 9. Nf3 Rb8 10. e3 Be7 11. Bc4 O-O 12. O-O Qxb6 13. b3 d6 14. Bb2 Be6 15. Qd3 d5 16. Qe2 dxc4 17. Ne5 Nxe5 18. Bxe5 Bd6 19. Bb2 cxb3 20. axb3 Qxb3 21.
Rfb1 Be5 22. Bxe5 Qxb1+ 23. Qf1 Qxf1+ 24. Rxf1 Rb6 25. h3 c4 26. Kh2 Rc8 27. Bd4 Rbc6 28.
Ra1 c3 29. Rc1 c2 30. f3 Rb8 31. Kg3 Rb1 32. Rxc2 Rxc2 33. Kf4 a5 34. g4 a4 35. h4 a3 36. h5 a2 37. h6 Rb4 38.
hxg7 Rxd4+ 39. exd4 a1=Q 40. Ke5 Rc5+ 41. Kf6 Qxd4+ 42. Ke7 Rc7+ 43. Ke8 Qd7# 0-1

[Event "*** MasterClass Titled Tuesday Blitz"]
[Site "Chess.com"]
[Date "2017.10.03"]
[Round "3"]
[White "djogrodek1"]
[Black "VladDobrov"]
[Result "0-1"]
[WhiteElo "2395"]
[BlackElo "2625"]
[TimeControl "180+2"]
[EndTime "13:34:29 PDT"]
[Termination "VladDobrov won by resignation"]

1. e4 c5 2. Nf3 d6 3. d4 cxd4 4. Nxd4 Nf6 5. Nc3 a6 6. Be3 e5 7. Nb3 Be6 8. h3 Be7 9. f4 exf4 10. Bxf4 Nc6 11. Qe2 Ne5 12. O-O-O Qc7 13. g4 O-O 14. Nd4 b5 15. g5 Nfd7 16. Nf5 Nb6 17. Qh5 b4 18. Ne2 g6 19. Nxe7+ Qxe7 20. Qh6 Rfc8 21.
Nd4 Rc5 22. Bxe5 dxe5 23. Nxe6 Qxe6 24. Kb1 Rac8 25. Rh2 Nc4 26. Bxc4 Rxc4 27. Rhd2 Rd4 28. Qh4 Qc4 29. Qf2 Qxc2+ 30. Rxc2 0-1

[Event "*** MasterClass Titled Tuesday Blitz"]
[Site "Chess.com"]
[Date "2017.10.03"]
[Round "3"]
[White "Hanging_pointer"]
[Black "PenguinPacks"]
[Result "1-0"]
[WhiteElo "2302"]
[BlackElo "2171"]
[TimeControl "180+2"]
[EndTime "13:34:46 PDT"]
[Termination "Hanging_pointer won by checkmate"]

1. e4 e5 2. Nf3 Nc6 3. Bc4 Bc5 4. O-O Nf6 5. d3 O-O 6. h3 a6 7. c3 b5 8. Bb3 d6 9. Bg5 h6 10. Bh4 Bb7 11. Nbd2 g5 12. Nxg5 hxg5 13. Bxg5 Nb8 14. Qf3 Nbd7 15. Qg3 Kh7 16. Qh4+ Kg8 17. Kh1 d5 18. f4 Be7 19. fxe5 Nxe5 20. Bxf6 Ng6 21. Qg5 Bxf6 22. Rxf6 Kg7 23. Raf1 c6 24. exd5 cxd5 25.
d4 Qd7 26. Bc2 Rg8 27. Rxg6+ fxg6 28. Qxg6+ Kh8 29. Qh6+ Qh7 30. Qxh7# 1-0

[Event "*** MasterClass Titled Tuesday Blitz"]
[Site "Chess.com"]
[Date "2017.10.03"]
[Round "3"]
[White "Oneofmyturns"]
[Black "sergiochess83"]
[Result "0-1"]
[WhiteElo "2574"]
[BlackElo "2720"]
[TimeControl "180+2"]
[EndTime "13:34:58 PDT"]
[Termination "sergiochess83 won by resignation"]

1. d4 Nf6 2. c4 e6 3. Nc3 Bb4 4. Qc2 O-O 5. Nf3 b6 6. Bg5 Bb7 7. a3 Bxc3+ 8. Qxc3 h6 9. Bf4 d6 10. e3 Nbd7 11. Rd1 Ne4 12. Qc2 g5 13. Bg3 f5 14.
Bd3 Ndf6 15. O-O Qe8 16. Bxe4 Bxe4 17. Qe2 Qh5 18. Rfe1 Bxf3 19. gxf3 Rae8 20. f4 Qxe2 21. Rxe2 g4 22. f3 gxf3 23. Rf2 Ne4 24. Rxf3 Kf7 25. Kg2 Rg8 26. Kh3 Rg4 27. d5 Reg8 28. b4 R4g6 29. dxe6+ Kxe6 30. Rff1 Nxg3 0-1

[Event "*** MasterClass Titled Tuesday Blitz"]
[Site "Chess.com"]
[Date "2017.10.03"]
[Round "3"]
[White "GeorgMeier"]
[Black "Alexander_Donchenko"]
[Result "1/2-1/2"]
[WhiteElo "2786"]
[BlackElo "2586"]
[TimeControl "180+2"]
[EndTime "13:35:03 PDT"]
[Termination "Game drawn by repetition"]

1. Nf3 b6 2. e4 Bb7 3. Nc3 e6 4. d4 Bb4 5. Bd3 Nf6 6. Qe2 d5 7. exd5 Qxd5 8. O-O Qh5 9. Ne4 Nbd7 10. Nxf6+ Nxf6 11. Bb5+ Kf8 12. Ne5 Qxe2 13. Bxe2 Bd6 14. Rd1 Ke7 15.
Bf4 Rhd8 16. c4 Nd7 17. Nd3 Bxf4 18. Nxf4 e5 19. dxe5 Nxe5 20. f3 g5 21. Nh5 h6 22.
Kf2 f5 23. f4 Ng6 24. Bf3 Bxf3 25. Kxf3 gxf4 26. b3 Nh4+ 27. Kf2 Ng6 28. Kf3 Nh4+ 29.
Kf2 Ng6 30. Kf3 Nh4+ 1/2-1/2

[Event "*** MasterClass Titled Tuesday Blitz"]
[Site "Chess.com"]
[Date "2017.10.03"]
[Round "3"]
[White "51616516516"]
[Black "pandamaster3000"]
[Result "1-0"]
[WhiteElo "2055"]
[BlackElo "2103"]
[TimeControl "180+2"]
[EndTime "13:35:04 PDT"]
[Termination "51616516516 won by resignation"]

1. c4 Nf6 2. g3 g6 3. d4 Bg7 4. Bg2 O-O 5. Nf3 d6 6. O-O Nc6 7. Nc3 Rb8 8. Re1 a6 9. Rb1 b5 10. cxb5 axb5 11. b4 Bf5 12. e4 Bg4 13. h3 Bxf3 14.
Bxf3 e5 15. d5 Nd4 16. Bg2 Nd7 17. Be3 h5 18. Qd3 Qc8 19. Bxd4 exd4 20. Nxb5 Qa6 21. Bf1 Ne5 22. Qd1 Rxb5 23. a4 d3 24. axb5 Qxb5 25. f4 Nc4 26. Qxd3 Qb6+ 27. Kg2 Nb2 28. Qb3 Qd4 29.
Re2 Nd3 30. Rd1 Qxb4 31. Rxd3 1-0

[Event "*** MasterClass Titled Tuesday Blitz"]
[Site "Chess.com"]
[Date "2017.10.03"]
[Round "3"]
[White "grzechu96"]
[Black "lukas_111111"]
[Result "0-1"]
[WhiteElo "2431"]
[BlackElo "2355"]
[TimeControl "180+2"]
[EndTime "13:35:07 PDT"]
[Termination "lukas_111111 won by resignation"]

1. e4 e6 2. d4 d5 3. Nc3 Bb4 4. e5 c5 5. a3 Bxc3+ 6. bxc3 Ne7 7. Qg4 cxd4 8. Qxg7 Rg8 9. Qxh7 Qc7 10. Ne2 dxc3 11. f4 Bd7 12. Qd3 Na6 13. Qxc3 Qxc3+ 14.
Nxc3 Rc8 15. Bd2 Nf5 16. O-O-O Nc5 17. Kb1 a6 18. Rg1 d4 19. Na2 Ba4 20. Bc1 d3 21.
Rxd3 Nxd3 22. Bxd3 Nd4 23. c3 Nf3 24. Rf1 Nxh2 25.
Rf2 Bc6 26. g3 Rxg3 27. Bxa6 Ng4 0-1

[Event "*** MasterClass Titled Tuesday Blitz"]
[Site "Chess.com"]
[Date "2017.10.03"]
[Round "3"]
[White "Margency"]
[Black "severomorskij"]
[Result "0-1"]
[WhiteElo "2530"]
[BlackElo "2658"]
[TimeControl "180+2"]
[EndTime "13:35:10 PDT"]
[Termination "severomorskij won by resignation"]

1. e4 c5 2. Nf3 Nc6 3. d4 cxd4 4. Nxd4 Nf6 5. Nc3 e5 6. Ndb5 d6 7. Bg5 a6 8. Na3 b5 9. Bxf6 gxf6 10. Nd5 f5 11. exf5 Bxf5 12. c3 Bg7 13. Nc2 O-O 14. Nce3 Bg6 15. h4 h6 16. Bd3 f5 17. g3 Kh8 18. a4 b4 19. O-O bxc3 20. bxc3 Ra7 21.
Rb1 Ne7 22. Qc2 e4 23. Be2 Nxd5 24. Nxd5 Be5 25. f4 exf3 26. Rxf3 Rg7 27. Kf2 f4 28. Bd3 fxg3+ 29. Kg2 Rxf3 30. Kxf3 Qf8+ 31. Ke3 Bxd3 32. Kxd3 Qf5+ 33. Kd2 Qxc2+ 34. Kxc2 g2 0-1

[Event "*** MasterClass Titled Tuesday Blitz"]
[Site "Chess.com"]
[Date "2017.10.03"]
[Round "3"]
[White "NateSolon"]
[Black "PrinceMurad09"]
[Result "1-0"]
[WhiteElo "2321"]
[BlackElo "2315"]
[TimeControl "180+2"]
[EndTime "13:35:13 PDT"]
[Termination "NateSolon won by resignation"]

1. d4 Nf6 2. Bf4 d6 3. Nc3 Nbd7 4. Nf3 g6 5. e4 Bg7 6. Qd2 h5 7. O-O-O c6 8. e5 dxe5 9. dxe5 Nh7 10. e6 fxe6 11.
Bd3 Nhf8 12. Nh4 Kf7 13. Ne4 Qb6 14. Ng5+ Kg8 15. c3 Qa5 16. Kb1 e5 17. Bc4+ e6 18.
Nxe6 Nxe6 19. Bxe6+ Kh7 20. Nxg6 exf4 21. Qd3 Qg5 22.
Nxh8+ Kxh8 23. Bxd7 Bxd7 24. Qxd7 Qxg2 25. Rhg1 Qe4+ 26.
Ka1 Rg8 27. Qf7 Qf3 28. Rd7 a5 29. a3 1-0

[Event "*** MasterClass Titled Tuesday Blitz"]
[Site "Chess.com"]
[Date "2017.10.03"]
[Round "3"]
[White "chessdude"]
[Black "chito89"]
[Result "0-1"]
[WhiteElo "2446"]
[BlackElo "2581"]
[TimeControl "180+2"]
[EndTime "13:35:20 PDT"]
[Termination "chito89 won by resignation"]

1. e4 e5 2. Nf3 Nc6 3. Bc4 Bc5 4. O-O Nf6 5. d3 d6 6. c3 a6 7. a4 Ba7 8. h3 h6 9. Re1 g5 10. Be3 Bxe3 11. Rxe3 g4 12. hxg4 Nxg4 13. Re1 Rg8 14. Nbd2 Qf6 15. b4 Ne7 16. d4 Ng6 17. dxe5 dxe5 18.
Bf1 Be6 19. b5 Nf4 20. g3 h5 21. bxa6 bxa6 22. Bg2 Nxg2 23. Kxg2 h4 24. Nf1 h3+ 25. Kg1 Rd8 26. Qe2 Bc4 27. Qxc4 Qxf3 28. Qc6+ Kf8 29. Ne3 Qxf2+ 0-1

[Event "*** MasterClass Titled Tuesday Blitz"]
[Site "Chess.com"]
[Date "2017.10.03"]
[Round "3"]
[White "tigra"]
[Black "Muisback26"]
[Result "0-1"]
[WhiteElo "2625"]
[BlackElo "2653"]
[TimeControl "180+2"]
[EndTime "13:35:25 PDT"]
[Termination "Muisback26 won by resignation"]

1. e4 c5 2. Nf3 d6 3. d4 cxd4 4. Nxd4 Nf6 5. Nc3 g6 6. Be3 Bg7 7. f3 Nc6 8. Qd2 O-O 9. O-O-O d5 10. Kb1 Rb8 11. g3 e5 12. Nxc6 bxc6 13. exd5 cxd5 14.
Nxd5 Be6 15. Nxf6+ Qxf6 16. Bg5 Qxf3 17. Bg2 Qg4 18.
b3 Rfc8 19. Rhf1 Bf5 20. Rc1 Qa4 21. Bd5 Qa3 22. Bxf7+ Kh8 23. g4 e4 24. c3 e3+ 25.
gxf5 exd2 26. Bxd2 Qd6 27. Rcd1 Qd3+ 28. Kb2 Rxc3 0-1